 Dungeon Crawl Stone Soup version 0.27-a0-951-gae3e1deef5 (webtiles) character file.

Game seed: 13329436980419723095

215 Alarkh the Insei (level 5, -1/38 (39) HPs)
             Began as a Demonspawn Transmuter on Apr 11, 2021.
             Slain by Grinder (7 damage)
             ... while paralysed by Grinder
             ... on level 3 of the Dungeon.
             The game lasted 00:03:55 (2995 turns).

Alarkh the Insei (Demonspawn Transmuter)            Turns: 2995, Time: 00:03:55

HP:   -1/38 (39)    AC:  4    Str: 10    XL:     5   Next: 60%
MP:   9/9           EV:  2    Int: 15    God:
Gold: 2             SH:  0    Dex: 14    Spells: 1/9 levels left

rFire    . . .     SeeInvis .     - Unarmed
rCold    . . .     Faith    .   (no shield)
rNeg     . . .     Spirit   .   a - +0 robe
rPois    .         Reflect  .   (helmet currently unavailable)
rElec    .         Harm     .   m - +0 cloak
rCorr    .         Rampage  .   g - +0 pair of gloves
Will     .....                  (boots currently unavailable)
Stlth    +.........             (no amulet)
HPRegen  0.12/turn              (no ring)
MPRegen  0.11/turn              (no ring)

@: paralysed, appendages, lightly drained
A: horns 2, talons 2, spiny 2
a: End Transformation


You were on level 3 of the Dungeon.
You had temporarily grown beastly horns and talons.
You visited 1 branch of the dungeon, and saw 3 of its levels.

You collected 2 gold pieces.

Inventory:

Missiles
 h - a throwing net
 l - 37 poisoned darts
Armour
 a - a +0 robe (worn)
 e - a +0 pair of boots (melded)
 g - a +0 pair of gloves (worn)
 m - a +0 cloak (worn)
Jewellery
 b - a ring of ice
Scrolls
 d - a scroll of vulnerability {unknown}
 f - a scroll of amnesia {unknown}
 n - a scroll of enchant weapon {unknown}
 r - a scroll of identify
Potions
 c - 2 potions of heal wounds
 i - 2 potions of haste {unknown}
 j - a potion of curing {unknown}
 k - a potion of might


   Skills:
 + Level 2.4 Fighting
 - Level 1.7 Dodging
 * Level 4.2 Unarmed Combat
 + Level 2.9 Spellcasting
 + Level 2.8 Transmutations
 + Level 0.6 Ice Magic


You had one spell level left.
You knew the following spells:

 Your Spells              Type           Power      Damage    Failure   Level
a - Beastly Appendage     Tmut           20%        N/A       6%          1
b - Spider Form           Tmut/Pois      3%         N/A       34%         3
c - Ice Form              Ice/Tmut       7%         N/A       69%         4

Your spell library contained the following spells:

 Spells                   Type           Power      Damage    Failure   Level
 Animate Skeleton         Necr           4%         N/A       21%         1
 Apportation              Tloc           4%         N/A       21%         1
 Corona                   Hex            2%         N/A       21%         1
 Summon Small Mammal      Summ           8%         N/A       21%         1
 Wereblood                Tmut           10%        N/A       10%         2
 Hydra Form               Tmut           5%         N/A       87%         5


Dungeon Overview and Level Annotations

Branches:
Dungeon (3/15)

Altars:

Annotations:
D:3 Grinder


Innate Abilities, Weirdness & Mutations

You have temporarily grown beastly horns and talons.
You are mostly covered in sharp spines.


Message History

You feel less wooden.
Your +0 cloak unmelds from your body.
Your +0 pair of gloves unmelds from your body.
Your +0 pair of boots unmelds from your body.
Your +0 robe unmelds from your body.
Grinder says, "Don't move a muscle."
You can move again.
Casting: Beastly Appendage (safe; 6% risk of failure)
Confirm with . or Enter, or press ? or * to list all spells.
You grow a pair of large bovine horns.
Your feet morph into talons.
Your +0 pair of boots melds into your body.
Grinder is struck by your spines. Grinder hits you.
You writhe in agony.
Unknown command.
You closely miss Grinder. You claw Grinder, but do no damage.
Your headbutt misses Grinder.
Grinder is lightly wounded.
Grinder blinks!
Grinder blinks!
Okay, then.
Throw: 38 darts (poison)
Press: ? - help, Shift-Dir - straight line, f - Grinder
Aim: Grinder (lightly wounded, 55% to hit)
You throw a poisoned dart. The poisoned dart hits Grinder.
Grinder is poisoned.
Grinder is lightly wounded.
You closely miss Grinder. You claw Grinder. You headbutt Grinder.
Grinder is moderately wounded.
Grinder gestures at you.
You suddenly lose the ability to move!
Grinder gestures at you. Pain shoots through your body! Grinder hits you. x2
You writhe in agony.
Grinder is struck by your spines. Grinder hits you.
You writhe in agony.
* * * LOW HITPOINT WARNING * * *
Grinder hits you.
* * * LOW HITPOINT WARNING * * *
You writhe in agony.
* * * LOW HITPOINT WARNING * * *
Grinder looks more healthy.
Grinder hits you!
You die...

.........###.)...#####
......................
###<..........⌠.......
#...................
#......###.....#####
###...## +#...#+ ##
##...# #...# #. #....#
#...# #. #5@..# ....
#. #.(......... #.
#.........(... #.
#............. ##
#.............
#.......#..... #
#.......#..... #
#.......#..... ### ...


You could see Grinder.

Vanquished Creatures
  Crazy Yiuf (D:2)
  An orc priest (D:2)
  Robin (D:2)
  3 gnolls (D:2)
  4 adders
  A worm (D:2)
  3 dart slugs
  4 orcs
  3 endoplasms
  2 giant cockroaches (D:1)
  12 goblins
  10 hobgoblins
  3 jackals (D:1)
  7 ball pythons
  3 bats
  4 frilled lizards
  4 kobolds
  5 rats (D:2)
71 creatures vanquished.

Notes
Turn   | Place    | Note
-------+----------+-------------------------------------------
     0 | D:1      | Alarkh the Demonspawn Transmuter began the quest for the
                  | Orb.
     0 | D:1      | Reached XP level 1. HP: 15/15 MP: 3/3
   289 | D:1      | Gained mutation: You are partially covered in sharp spines.
                  | [demonic ancestry]
   289 | D:1      | Reached XP level 2. HP: 20/21 MP: 3/5
   340 | D:1      | Found a faded altar of an unknown god.
   345 | D:1      | Reached skill level 3 in Unarmed Combat
   819 | D:1      | Reached XP level 3. HP: 26/26 MP: 6/6
  1228 | D:2      | Learned a level 3 spell: Spider Form
  1486 | D:2      | Reached XP level 4. HP: 24/33 MP: 3/7
  1533 | D:2      | Noticed Robin
  1573 | D:2      | Killed Robin
  1811 | D:2      | Gained mutation: You are mostly covered in sharp spines.
                  | [demonic ancestry]
  1811 | D:2      | Reached XP level 5. HP: 18/38 MP: 5/9
  1831 | D:2      | Learned a level 4 spell: Ice Form
  2257 | D:2      | Reached skill level 4 in Unarmed Combat
  2389 | D:2      | Found a runed translucent door.
  2390 | D:2      | Noticed Crazy Yiuf
  2516 | D:2      | Killed Crazy Yiuf
  2964 | D:3      | Noticed Grinder
  2967 | D:3      | Paralysed by Grinder for 5 turns
  2977 | D:3      | Paralysed by Grinder for 7 turns
  2989 | D:3      | Paralysed by Grinder for 6 turns
  2995 | D:3      | Slain by Grinder

Illustrated notes

Levels and vault maps discovered:
D:1:      roderic_chinese_lattice_arrival, layout_basic,
          shapermc_ecumenical_altar_starsandcircs, corner_web_ring
D:2:      layout_loops_ring, kennysheep_cross_bottleneck,
          uniq_crazy_yiuf_cottage, uniq_robin
D:3:      layout_rooms, minmay_misc_feat_doors, wad_floor_pattern_2,
          grunt_ministairs_6, uniq_grinder, uniq_ijyb

Skill      XL: |  1  2  3  4  5 |
---------------+----------------+-----
Transmutations | 2 |  2.8
Unarmed Combat | 3 4 |  4.2
Fighting       | 2 |  2.4
Dodging        | |  1.7
Spellcasting   | |  2.9
Ice Magic      | |  0.6

Action                   |  1- 3 |  4- 6 || total
-------------------------+-------+-------++-------
Melee: Unarmed           |    94 |    78 ||   172
       Kick              |     7 |     7 ||    14
       Headbutt          |    11 |     4 ||    15
Throw: Dart              |       |     1 ||     1
 Cast: Beastly Appendage |    16 |    10 ||    26
       Spider Form       |     1 |     5 ||     6
  Use: Scroll            |     1 |     1 ||     2
       Potion            |     1 |       ||     1
 Stab: Sleeping          |     3 |     1 ||     4
Armor: Robe              |    13 |     3 ||    16
       Skin              |     1 |     1 ||     2
Dodge: Dodged            |    58 |    51 ||   109

Table legend: (Time is in decaauts)
 A = Elapsed time spent in this place.
 B = Non-inter-level travel time spent in this place.
 C = Inter-level travel time spent in this place.
 D = Time resting spent in this place.
 E = Time spent auto-exploring this place.
 F = Levels seen in this place.
 G = Mean time per level.
                   A        B        C        D        E       F      G
               +--------+--------+--------+--------+--------+-----+--------+
         Total |   2985 |   2858 |    127 |    331 |   1996 |   3 |  995.0 |
       Dungeon |   2985 |   2858 |    127 |    331 |   1996 |   3 |  995.0 |
               +--------+--------+--------+--------+--------+-----+--------+

Top non-repeatable levels by time:
     D:2: 1577 daAuts
     D:1: 1279 daAuts
     D:3: 128 daAuts
